 Dungeon Crawl Stone Soup version 0.29-a0-284-gf9362112df (webtiles) character file.

Game seed: 9102229579923063139

123 being54 the Sneak (level 4, -3/21 HPs)
             Began as a Spriggan Enchanter on Mar 25, 2022.
             Slain by an orc priest
             ... wielding a +0 flail
              (8 damage)
             ... on level 4 of the Dungeon.
             The game lasted 00:05:45 (3324 turns).

being54 the Sneak (Spriggan Enchanter)              Turns: 3324, Time: 00:05:45

Health: -3/21      AC:  3    Str:  4    XL:     4   Next: 80%
Magic:  2/9        EV: 19    Int: 16    God:
Gold:   210        SH:  0    Dex: 17    Spells: 6/8 levels left

rFire   . . .      SeeInvis +   k - +2 dagger (holy)
rCold   . . .      Faith    .   (no shield)
rNeg    . . .      Spirit   .   b - +1 robe
rPois   .          Reflect  .   (helmet restricted)
rElec   .          Harm     .   (no cloak)
rCorr   .          Rampage  .   (gloves unavailable)
Will    .....                   (boots unavailable)
Stlth   ++++......              (no amulet)
HPRegen 0.07/turn               (no ring)
MPRegen 0.11/turn               (no ring)

@: very slightly contaminated, very quick
A: very small, no large weapons, unfitting armour, see invisible, speed 3
a: no special abilities


You were on level 4 of the Dungeon.
You visited 1 branch of the dungeon, and saw 4 of its levels.

You collected 210 gold pieces.

Inventory:

Hand Weapons
 k - a +2 dagger of holy wrath (weapon)
Missiles
 h - 7 atropa-tipped darts (quivered)
Armour
 b - a +1 robe (worn)
Jewellery
 a - a ring of ice
Scrolls
 d - a scroll of fog {unknown}
 l - a scroll of identify
Potions
 c - 2 potions of invisibility
 e - a potion of brilliance
 f - a potion of heal wounds {unknown}
 g - 3 potions of curing
 i - 2 potions of flight
 j - a potion of might {unknown}


   Skills:
 - Level 1.1 Short Blades
 - Level 5.0 Dodging
 - Level 7.0 Stealth
 + Level 2.7 Spellcasting
 + Level 3.6 Hexes
 + Level 0.0 Ice Magic


You had 6 spell levels left.
You knew the following spells:

 Your Spells              Type           Power      Damage    Failure   Level
a - Ensorcelled Hibernat  Hex/Ice        16%        N/A       14%         2

Your spell library contained the following spells:

 Spells                   Type           Power      Damage    Failure   Level
 Confusing Touch          Hex            13%        N/A       13%         3
 Tukima's Dance           Hex            13%        N/A       13%         3
 Summon Small Mammal      Summ           8%         N/A       19%         1
 Dazzling Flash           Conj/Hex       16%        N/A       26%         3
 Summon Guardian Golem    Hex/Summ       8%         N/A       26%         3
 Call Canine Familiar     Summ           2%         N/A       50%         3
 Summon Ice Beast         Ice/Summ       2%         N/A       88%         4
 Eringya's Noxious Bog    Tmut/Pois      1%         N/A       100%        6
 Monstrous Menagerie      Summ           1%         N/A       100%        7


Dungeon Overview and Level Annotations

Branches:
Dungeon (4/15)
 Temple: D:4-7

Altars:
Hepliaklqana

Annotations:
D:3 3 runed translucent doors, Cecur's ghost, amateur OpEE


Innate Abilities, Weirdness & Mutations

You are very small and have problems with some larger weapons.
You are too small for most types of armour.
You have supernaturally acute eyesight. (SInv)
You cover ground extremely quickly. (Speed+++)


Message History

Aim: an orc priest, wielding a +0 flail (chance to affect: 41%)
The orc priest resists with some effort.
The orc priest completely misses you.
Casting: Ensorcelled Hibernation (safe; 14% risk of failure)
Confirm with . or Enter, or press ? or * to list all spells.
Aiming: Ensorcelled Hibernation (safe; 14% risk of failure)
Press: ? - help, Shift-Dir - straight line, f/p - orc priest
Aim: an orc priest, wielding a +0 flail (chance to affect: 41%)
You miscast Ensorcelled Hibernation.
You are very lightly contaminated with residual magic.
Nothing appears to happen.
The orc priest hits you with a +0 flail!
* * * LOW HITPOINT WARNING * * *
You hit the endoplasm.
The endoplasm is moderately wounded.
You hit the endoplasm but do no damage.
The endoplasm is moderately wounded.
The endoplasm misses you. The orc priest misses you.
You hit the endoplasm but do no damage.
The endoplasm is moderately wounded.
The orc priest misses you. The endoplasm freezes you.
You are frozen.
* * * LOW HITPOINT WARNING * * *
You feel better. The orc priest closely misses you.
The endoplasm completely misses you.
You hit the orc priest.
The orc priest is lightly wounded.
The orc priest barely misses you. The endoplasm freezes you.
You are frozen.
* * * LOW HITPOINT WARNING * * *
You hit the orc priest.
The orc priest is lightly wounded.
The endoplasm barely misses you. The orc priest misses you.
You hit the orc priest.
The orc priest is moderately wounded.
The endoplasm barely misses you.
The orc priest hits you with a +0 flail!
You die...

#)# #o# #.# #.##
#..#
######.######
#...........#
#.####o####.#
#...J@).......
#..###.####.##
#......#
######..########
................
######..########
#..########.#
#....<).....#
#............


You could see an orc priest and an endoplasm.

Vanquished Creatures
  Terence (D:2)
  3 adders (D:2)
  5 dart slugs
  5 orcs (D:4)
  8 ball pythons
  6 endoplasms
  3 giant cockroaches
  8 goblins
  A quokka (D:2)
  4 frilled lizards
  4 kobolds
  7 rats
55 creatures vanquished.

Vanquished Creatures (others)
  4 fungi (D:3)
4 creatures vanquished.

Grand Total: 59 creatures vanquished

Notes
Turn   | Place    | Note
-------+----------+-------------------------------------------
     0 | D:1      | being54 the Spriggan Enchanter began the quest for the Orb.
     0 | D:1      | Reached XP level 1. HP: 9/9 MP: 5/5
   147 | D:1      | Got the Incunabulum of Venomous Calling
   190 | D:1      | Reached skill level 5 in Stealth
   190 | D:1      | Reached XP level 2. HP: 6/13 MP: 6/6
   193 | D:1      | Learned a level 2 spell: Ensorcelled Hibernation
  1263 | D:2      | Reached XP level 3. HP: 15/16 MP: 8/8
  1431 | D:2      | Reached skill level 6 in Stealth
  1508 | D:2      | Noticed Terence
  1530 | D:2      | Killed Terence
  1531 | D:2      | Reached XP level 4. HP: 16/21 MP: 2/9
  1802 | D:2      | Found a faded altar of an unknown god.
  2134 | D:3      | Found a runed translucent gate.
  2134 | D:3      | Found a runed translucent gate.
  2145 | D:3      | Found a runed translucent gate.
  2149 | D:3      | Noticed Cecur's ghost (amateur OpEE)
  2510 | D:3      | Reached skill level 5 in Dodging
  2685 | D:3      | Noticed a kobold brigand
  2909 | D:3      | Found a faded altar of an unknown god.
  2909 | D:3      | Found a faded altar of an unknown god.
  2909 | D:3      | Found a faded altar of an unknown god.
  2909 | D:3      | Found a faded altar of an unknown god.
  2911 | D:3      | Found a hazy altar of Hepliaklqana.
  3312 | D:4      | Reached skill level 7 in Stealth
  3320 | D:4      | HP: 1/21 [frozen (2)]
  3324 | D:4      | Slain by an orc priest

Illustrated notes

Levels and vault maps discovered:
D:1:      dpeg_arrival_prison, layout_rooms
D:2:      layout_basic, hellmonk_ecumenical_altar_prayer_group, uniq_terence
D:3:      layout_loops_cross, nicolae_hepliaklqana_ecumenical_no_more,
          gammafunk_ghost_nasty_kobolds
D:4:      layout_loops_ring, slow_altar_2,
          nicolae_uskayaw_murder_on_the_dancefloor, uniq_menkaure, uniq_sigmund

Skill      XL: |  1  2  3  4 |
---------------+-------------+-----
Dodging        | 3 4 5 |  5.0
Stealth        | 5 6 7 |  7.0
Short Blades   | |  1.1
Spellcasting   | |  2.7
Hexes          | |  3.6

Action                   |  1- 3 |  4- 6 || total
-------------------------+-------+-------++-------
Melee: Dagger            |    96 |    76 ||   172
       Punch             |     2 |       ||     2
 Cast: Ensorcelled Hiber |     2 |     4 ||     6
  Use: Scroll            |     4 |     4 ||     8
       Potion            |       |     1 ||     1
 Stab: Sleeping          |     9 |     6 ||    15
Armor: Robe              |    15 |     4 ||    19
Dodge: Dodged            |    60 |    65 ||   125

Table legend: (Time is in decaauts)
 A = Elapsed time spent in this place.
 B = Non-inter-level travel time spent in this place.
 C = Inter-level travel time spent in this place.
 D = Time resting spent in this place.
 E = Time spent auto-exploring this place.
 F = Levels seen in this place.
 G = Mean time per level.
                   A        B        C        D        E       F      G
               +--------+--------+--------+--------+--------+-----+--------+
         Total |   2483 |   2386 |     97 |    663 |   1366 |   4 |  620.8 |
       Dungeon |   2483 |   2386 |     97 |    663 |   1366 |   4 |  620.8 |
               +--------+--------+--------+--------+--------+-----+--------+

Top non-repeatable levels by time:
     D:3: 851 daAuts
     D:1: 809 daAuts
     D:2: 773 daAuts
     D:4: 48 daAuts
